Map: Ruins of Endion

Players

Busker

  • Race: Zerg Zerg
  • League: Grandmaster

Miszu - Winner!

  • Race: Terran Terran
  • League: Grandmaster

VOD

Have the link to the VOD?

Description

Time

  • Played on: May 20, 2016, 3:07 p.m.
  • Length: 14:42
Show
View Real Time Build Order
Export as new Build Order

Busker Zerg 

Build Orders: Hatch First 

Get SALT Encoding   

  12  0:01  Drone  
  13  0:12  Overlord  
  13  0:18  Drone  
  14  0:31  Drone x2  
  16  0:37  Drone  
  17  0:56  Hatchery  
  16  0:58  Drone  
  16  1:02  Drone  
  18  1:15  Extractor  
  18  1:17  Spawning Pool  
  16  1:19  Drone  
  16  1:23  Drone  
  18  1:28  Drone  
  19  1:41  Overlord  
  19  1:52  Drone  
  20  2:04  Zergling x2, Queen  
  20  2:07  Queen  
  20  2:08  Zergling x2  
  26  2:13  Drone  
  27  2:18  Drone  
  28  2:27  Spore Crawler  
  27  2:34  Drone x2  
  29  2:37  Metabolic Boost  
  29  2:46  Hatchery  
  29  2:49  Queen  
  29  2:52  Drone  
  29  2:54  Drone  
  29  2:57  Drone  
  32  3:01  Overlord  
  32  3:06  Drone  
  32  3:07  Drone  
  34  3:15  Drone  
  35  3:20  Overlord  
  35  3:23  Drone x4  
  39  3:27  Drone x2  
  39  3:32  Overlord  
  41  3:43  Drone x2  
  43  3:51  Queen x2  
  47  3:59  Drone x6  
  53  4:05  Extractor  
  53  4:07  Evolution Chamber  
  53  4:08  Evolution Chamber  
  50  4:12  Roach Warren  
  50  4:13  Drone  
  50  4:16  Drone x2  
  52  4:22  Drone x3  
  55  4:28  Drone x2  
  57  4:35  Zerg Melee Weapons Level 1  
  57  4:38  Spore Crawler x2  
  56  4:41  Lair, Spore Crawler  
  54  4:52  Drone x2  
  56  4:53  Drone x2  
  56  4:54  Drone x5  
  56  4:59  Overlord  
  63  5:00  Overlord  
  61  5:10  Overlord x2, Zerg Ground Armor Level 1  
  61  5:24  Overlord  
  61  5:27  Roach x6  
  73  5:32  Overlord  
  73  5:33  Extractor  
  73  5:34  Extractor  
  71  5:44  Overseer  
  71  5:46  Overlord  
  71  5:49  Zergling x2, Roach x3  
  78  5:50  Zergling x10  
  78  5:55  Queen x2  
  78  5:56  Queen  
  89  5:59  Overlord  
  89  6:03  Drone x2, Spore Crawler  
  86  6:21  Drone x8  
  87  6:26  Drone  
  87  6:32  Drone x2  
  90  6:35  Drone  
  90  6:37  Drone  
  92  6:40  Drone x2  
  92  6:44  Zerg Melee Weapons Level 2  
  94  6:54  Extractor x2  
  92  7:06  Zerg Ground Armor Level 2  
  92  7:09  Drone x3, Hatchery  
  92  7:10  Drone  
  92  7:11  Drone x4  
  92  7:12  Drone  
  100  7:15  Overlord  
  100  7:18  Drone x2  
  102  7:24  Spire  
  102  7:26  Overseer  
  101  7:34  Drone x2  
  101  7:36  Zergling x2  
  105  7:37  Zergling x6  
  107  7:51  Drone x6  
  99  7:55  Queen  
  100  8:02  Queen x2  
  104  8:18  Overlord  
  104  8:19  Drone x10  
  114  8:29  Roach  
  114  8:32  Spore Crawler  
  114  8:33  Ravager x3  
  114  8:34  Extractor, Queen, Ravager x2  
  119  8:35  Spore Crawler x2  
  119  8:37  Extractor  
  119  8:38  Corruptor x3, Queen x2  
  128  8:46  Infestation Pit  
  128  8:47  Overlord  
  127  8:50  Drone  
  127  8:51  Overlord x2  
  128  9:05  Drone  
  128  9:06  Overlord  
  128  9:07  Drone x4  
  128  9:08  Drone x3  
  128  9:09  Drone x2  
  128  9:25  Roach x10  
  128  9:26  Roach  
  137  9:44  Roach  
  137  9:45  Roach x5  
  141  9:48  Hive  
  141  9:51  Roach x3  
  141  9:56  Zerg Missile Weapons Level 1  
  139  10:01  Drone x4  
  143  10:20  Corruptor x8  
  159  10:29  Zerg Flyer Armor Level 1  
  159  10:33  Spire  
  158  10:38  Hatchery  
  157  10:43  Ravager  
  157  10:44  Ravager x2  
  157  10:46  Overlord x2  
  157  10:47  Overlord x3  
  143  11:06  Corruptor x9  
  141  11:21  Corruptor x4  
  141  11:24  Drone x2  
  141  11:25  Drone  
  149  11:27  Drone  
  150  11:33  Drone x4  
  151  11:42  Drone x6  
  150  11:47  Drone  
  150  11:48  Greater Spire  
  137  12:10  Viper x5  
  152  12:20  Drone x2  
  152  12:21  Drone x3  
  157  12:23  Drone x3  
  160  12:32  Zerg Flyer Weapons Level 1  
  160  12:39  Corruptor x4  
  168  12:47  Corruptor  
  168  12:48  Corruptor  
  172  12:52  Corruptor  
  174  13:17  Drone x2  
  168  13:28  Drone x6  
  168  13:31  Hatchery  
  167  13:39  Ravager x4  
  167  13:40  Corruptor x7  
  182  14:12  Roach  
  182  14:13  Roach x8  
Show
View Real Time Build Order
Export as new Build Order

Miszu Terran - Winner!

Build Orders: Reaper Expand, Hellion Banshee 

Get SALT Encoding   

  12  0:00  SCV  
  13  0:12  SCV  
  14  0:17  Supply Depot  
  14  0:25  SCV  
  15  0:39  Barracks, SCV  
  16  0:43  Refinery  
  16  0:51  SCV  
  17  1:03  SCV  
  18  1:15  SCV  
  19  1:27  Orbital Command  
  19  1:28  Reaper  
  20  1:39  Command Center  
  20  1:51  Supply Depot  
  20  1:53  SCV  
  21  2:00  Marine  
  22  2:06  SCV  
  23  2:09  Factory  
  23  2:13  Refinery  
  23  2:18  SCV  
  23  2:20  Barracks Reactor  
  24  2:30  SCV  
  25  2:42  SCV  
  26  2:54  Starport, SCV, Orbital Command  
  27  3:00  Hellion  
  27  3:02  Hellion, Barracks Tech Lab  
  31  3:06  SCV  
  32  3:18  SCV  
  33  3:20  SCV  
  33  3:21  Hellion  
  33  3:24  Hellion  
  38  3:27  Supply Depot  
  38  3:31  SCV  
  38  3:33  Barracks Reactor, SCV  
  40  3:41  Banshee  
  40  3:43  SCV  
  40  3:46  SCV  
  44  3:56  Command Center  
  44  3:59  SCV  
  45  4:05  Refinery  
  45  4:08  Refinery  
  45  4:09  SCV  
  46  4:11  SCV  
  46  4:12  Supply Depot  
  47  4:20  Hellion x2  
  47  4:22  SCV  
  47  4:23  SCV  
  53  4:26  Supply Depot  
  53  4:28  Liberator x2  
  53  4:34  SCV, Armory  
  53  4:35  SCV  
  58  4:46  SCV  
  58  4:50  Supply Depot  
  58  4:51  SCV  
  63  4:58  Hellion, SCV  
  66  5:03  SCV  
  67  5:10  Orbital Command  
  67  5:12  SCV  
  68  5:15  Supply Depot  
  68  5:18  SCV  
  68  5:19  Hellion x2  
  73  5:25  Terran Ship Weapons Level 1  
  73  5:30  SCV  
  73  5:31  Starport  
  73  5:33  Starport  
  74  5:36  Liberator x2  
  74  5:42  SCV  
  75  5:47  SCV  
  76  5:52  Supply Depot  
  76  5:54  SCV, Orbital Command  
  83  5:59  SCV  
  83  6:00  Hellion x2  
  83  6:02  Supply Depot  
  88  6:07  SCV  
  88  6:11  SCV  
  90  6:17  Starport Tech Lab, Banshee  
  90  6:19  SCV  
  90  6:21  Hellion x2  
  90  6:23  Liberator  
  90  6:24  Liberator  
  89  6:27  SCV  
  89  6:28  SCV  
  89  6:30  Fusion Core  
  80  6:36  SCV  
  80  6:39  SCV  
  79  6:40  Refinery x2  
  79  6:41  Banshee  
  79  6:43  Hellion x2  
  79  6:46  Cloaking Field  
  92  6:51  SCV x2  
  92  6:52  SCV  
  95  6:58  Supply Depot  
  95  6:59  Supply Depot  
  95  7:03  SCV  
  95  7:04  SCV  
  95  7:05  SCV  
  95  7:06  Liberator, Banshee  
  101  7:09  Hellion  
  101  7:15  SCV  
  104  7:16  SCV  
  104  7:21  Supply Depot  
  104  7:22  Hyperflight Rotors  
  106  7:23  Supply Depot  
  106  7:24  Liberator, Banshee  
  114  7:49  Banshee  
  114  7:53  Hellion  
  114  7:54  Hellion  
  114  7:58  Supply Depot  
  118  8:01  Supply Depot  
  118  8:04  Terran Ship Weapons Level 2, Liberator  
  118  8:06  Starport  
  118  8:07  Starport, Command Center  
  118  8:09  Command Center  
  118  8:11  Banshee  
  118  8:12  Liberator  
  121  8:21  Hellion x2  
  131  8:34  Banshee  
  131  8:40  Supply Depot  
  134  8:42  Supply Depot x2  
  134  8:47  Starport Tech Lab x2  
  134  8:49  Supply Depot  
  134  8:53  Engineering Bay  
  134  8:54  Hellion x2, Banshee  
  141  9:00  Advanced Ballistics  
  141  9:09  Liberator  
  78  9:10  Liberator x2  
  141  9:15  Hellion x2  
  145  9:17  Banshee  
  151  9:37  Hellion x2  
  141  9:46  Banshee x2  
  141  9:50  Orbital Command  
  141  9:51  Armory  
  136  9:58  Liberator x2  
  136  9:59  Hellion x2  
  134  10:02  Refinery  
  134  10:05  Missile Turret  
  134  10:12  Refinery, Banshee x2  
  136  10:20  Hellion x2  
  146  10:27  Factory  
  146  10:39  Planetary Fortress  
  146  10:41  Banshee  
  149  10:44  Liberator x2  
  152  11:15  Banshee x2  
  152  11:16  Banshee  
  149  11:24  Banshee  
  152  11:27  Liberator  
  152  11:32  Liberator  
  152  11:33  Command Center, Terran Ship Weapons Level 3  
  152  11:34  Command Center  
  152  11:41  Liberator  
  147  11:48  Hellion  
  147  11:49  Hellion  
  147  11:50  Liberator x3  
  128  12:10  Hellion  
  128  12:11  Hellion  
  132  12:22  Liberator x2, Factory Tech Lab  
  132  12:24  Command Center, Liberator  
  132  12:29  SCV x2  
  137  12:30  Command Center, SCV x3  
  137  12:31  Hellion  
  137  12:32  Hellion, Liberator  
  137  12:33  Liberator  
  137  12:34  Liberator  
  141  12:41  SCV x2  
  141  12:42  SCV x3  
  161  12:52  Hellion  
  161  12:53  Hellion, SCV  
  161  12:54  Hellion, Orbital Command  
  171  13:05  Liberator  
  171  13:07  Liberator  
  171  13:14  Hellion x2  
  171  13:15  Liberator  
  175  13:24  Banshee  
  181  13:32  Liberator x2  
  175  13:38  Hellion x2  
  175  13:39  Hellion  
  179  13:59  Hellion x2  
  179  14:00  Hellion  
  185  14:05  Viking  
  185  14:07  Viking  
Tags
 
Add a new tag
Caveats
  • Supply blocks, unpowered buildings, or Contaminate may cause inaccurate times.
  • Supply counts are checked every 10 seconds.